 Dungeon Crawl Stone Soup version bcrawl-1.19 (webtiles) character file.

Game seed: 13449548939594420984

107 Arum the Slasher (level 4, -3/37 HPs)
             Began as a Demigod Gladiator on Nov 13, 2019.
             Slain by an orc warrior
             ... wielding a +0 battleaxe
              (18 damage)
             ... on level 3 of the Dungeon.
             The game lasted 00:03:30 (1913 turns).

Arum the Slasher (Demigod Gladiator)                Turns: 1913, Time: 00:03:30

Health: -3/37      AC:  9    Str: 20    XL:     4   Next: 57%
Magic:  2/6        EV: 13    Int: 12    God:    Demigod [*.....]
Gold:   239        SH:  1    Dex: 18    Spells: 3/3 levels left

rFire    . . .     SeeInvis .   a - +0 long sword
rCold    . . .     Gourm    .   (no shield)
rNeg     . . .     Faith    .   j - +0 ring mail
rPois    .         Spirit   .   l - +2 helmet
rElec    .         Reflect  .   (no cloak)
rCorr    .         Harm     .   o - +0 pair of gloves
MR       .....                  (no boots)
Stlth    +.........             (no amulet)
HPRegen  0.12/turn              e - ring of wizardry
MPRegen  0.10/turn              (no ring)

@: no status effects
A: high mp 1
a: Temporal Distortion


You were on level 3 of the Dungeon.
You worshipped Demigod.
Demigod was aware of your devotion.
You were hungry.

You visited 1 branch of the dungeon, and saw 3 of its levels.

You collected 239 gold pieces.

Inventory:

Hand Weapons
 a - a +0 long sword (weapon)
Missiles
 d - 3 throwing nets (quivered) {!f}
Armour
 j - a +0 ring mail (worn)
 l - a +2 helmet (worn)
 o - a +0 pair of gloves (worn)
Jewellery
 e - a ring of wizardry (left hand)
Scrolls
 c - 3 scrolls of enchant weapon {unknown}
 h - a scroll of blinking {unknown}
 i - 2 scrolls of enchant armour {unknown}
 k - 4 scrolls of identify {unknown}
Potions
 b - a potion of flight {unknown}
 g - 2 potions of magic {unknown}
 m - a potion of agility {unknown}
 n - a potion of ambrosia {unknown}
Comestibles
 f - 4 rations {!d}
 p - 4 chunks of flesh


   Skills:
 + Level 2.9 Fighting
 + Level 3.6 Long Blades
 - Level 1.7 Throwing
 + Level 3.5 Dodging


You had 3 spell levels left.
You didn't know any spells.
Your spell library was empty.

Dungeon Overview and Level Annotations

Branches:
Dungeon (3/12)


Innate Abilities, Weirdness & Mutations

You have an increased reservoir of magic. (+10% MP)


Message History

You are feeling hungry.
You hit the orc wizard.
The orc wizard is moderately wounded.
The orc wizard hits you with a +0 dagger.
The orc wizard gestures at you while chanting.
The magic dart hits you! The orc warrior barely misses you.
You completely miss the orc wizard.
The orc wizard is moderately wounded.
The orc wizard hits you but does no damage.
You hit the orc wizard.
The orc wizard is severely wounded.
The orc warrior hits you with a +0 battleaxe!
The orc wizard hits you with a +0 dagger.
You are too injured to fight recklessly!
You are too injured to fight recklessly!
You completely miss the orc wizard.
The orc wizard is severely wounded.
The orc warrior hits you with a +0 battleaxe!!
You die...
Your divinity fades.

#.# #.# #.# #.# #?#
# ###.###.#####
#...o@o......
#######.#.o########
...........#
#####..##.#
.#######..##.#
...<.........#
########..##########
#..........<#
#.#########.#


You could see an orc warrior, an orc wizard and an orc.

Vanquished Creatures
  An orc wizard (D:3)
  Jessica (D:2)
  An adder (D:2)
  A leopard gecko (D:2)
  2 orcs (D:3)
  A giant cockroach (D:2)
  3 goblins
  6 hobgoblins
  3 jackals (D:1)
  2 quokkas
  A ball python (D:1)
  5 bats (D:1)
  2 frilled lizards (D:2)
  6 kobolds
  4 rats
39 creatures vanquished.

Notes
Turn   | Place    | Note
-------+----------+-------------------------------------------
     0 | D:1      | Arum the Demigod Gladiator began the quest for the Orb.
     0 | D:1      | Reached XP level 1. HP: 17/17 MP: 3/3
   135 | D:1      | Reached XP level 2. HP: 11/24 MP: 4/4
   737 | D:2      | Reached * piety under Demigod
   806 | D:2      | Reached XP level 3. HP: 9/30 MP: 5/5
  1334 | D:2      | Noticed Jessica
  1338 | D:2      | Killed Jessica
  1338 | D:2      | Reached XP level 4. HP: 37/37 MP: 6/6
  1384 | D:2      | Found a shadowy altar of Dithmenos.
  1490 | D:2      | Found a stormy altar of Qazlal.
  1900 | D:3      | Noticed an orc warrior
  1913 | D:3      | Slain by an orc warrior

Skill      XL: |  1  2 |
---------------+-------+-----
Fighting       | 2 |  2.9
Long Blades    | 3 |  3.6
Dodging        | 3 |  3.5
Throwing       | |  1.7

Action                   |  1- 3 |  4- 6 || total
-------------------------+-------+-------++-------
Melee: Long sword        |    90 |    28 ||   118
Invok: Temporal Distorti |       |     1 ||     1
  Eat: Chunk             |     1 |     2 ||     3
Armor: Leather armour    |     6 |       ||     6
       Ring mail         |    35 |     6 ||    41
Dodge: Dodged            |    61 |    17 ||    78
Block: Other             |     3 |       ||     3
